 Dungeon Crawl Stone Soup version 0.30.1 (webtiles) character file.

Game seed: 1686491352848279871

730 FallenXxXSky the Carver (level 8, -8/64 HPs)
             Began as a Human Monk on July 11, 2023.
             Mangled by an orc warrior
             ... wielding a +0 halberd
              (13 damage)
             ... on level 6 of the Dungeon.
             The game lasted 00:07:16 (3640 turns).

FallenXxXSky the Carver (Human Monk)                Turns: 3640, Time: 00:07:16

Health: -8/64      AC: 13    Str: 17    XL:     8   Next: 3%
Magic:  0/8        EV: 10    Int: 10    God:
Gold:   271        SH:  0    Dex: 15    Spells: 7/7 levels left

rFire   x . .        h - +0 long sword
rCold   + + .        d - orb {light}
rNeg    . . .        i - +0 ice dragon scales
rPois   +            e - +0 helmet
rElec   .            (no cloak)
rCorr   .            (no gloves)
SInv    .            k - +0 pair of boots
Will    .....        j - amulet of guardian spirit Stlth
                     f - ring of poison resistance
HPRegen 0.30/turn    (no ring)
MPRegen 0.11/turn

%: clarity, guardian spirit
@: hasted, glowing, very quick
A: iridescent scales 1, clarity, robust 1, strong 1
a: no special abilities


You were on level 6 of the Dungeon.
You visited 1 branch of the dungeon, and saw 6 of its levels.

You collected 271 gold pieces.

Inventory:

Hand Weapons
 h - a +0 long sword (weapon)
Armour
 d - an orb of light (worn)
 e - a +0 helmet (worn)
 i - +0 ice dragon scales (worn)
 k - a +0 pair of boots (worn)
 l - a +0 ring mail
Jewellery
 a - a ring of resist corrosion
 f - a ring of poison resistance (left hand)
 j - an amulet of guardian spirit (around neck)
Wands
 n - a wand of flame (12)
Scrolls
 c - a scroll of amnesia {unknown}
 g - a scroll of blinking {unknown}
 o - a scroll of fog {unknown}
 q - a scroll of magic mapping
Potions
 b - a potion of mutation
 m - a potion of resistance


   Skills:
 + Level 3.6 Fighting
 * Level 8.3 Long Blades
 + Level 1.8 Armour
 - Level 3.0 Dodging


You had 7 spell levels left.
You didn't know any spells.
Your spell library contained the following spells:

 Spells                   Type           Power      Damage    Failure   Level
 Necrotise                Necr           0%         1d4       86%         1
 Slow                     Hex            0%         N/A       86%         1
 Confusing Touch          Hex            0%         N/A       99%         3
 Vampiric Draining        Necr           0%         2d6       99%         3
 Agony                    Necr           0%         N/A       100%        5


Dungeon Overview and Level Annotations

Branches:
Dungeon (6/15)
 Temple: D:4-7

Altars:
Cheibriados
Gozag


Innate Abilities, Weirdness & Mutations

You are partially covered in iridescent scales. (AC +2)
You possess an exceptional clarity of mind.
You are robust. (+10% HP)
Your muscles are strong. (Str +4, Int/Dex -1)


Message History

You hit the orc warrior but do no damage.
The orc warrior hits you but does no damage.
You completely miss the orc warrior.
The orc warrior hits you with a +0 halberd.
You hit the orc warrior but do no damage.
The orc warrior hits you with a +0 halberd!
You hit the orc warrior but do no damage.
The orc warrior barely misses you.
You hit the orc warrior.
The orc warrior is lightly wounded.
The orc warrior hits you with a +0 halberd.
You hit the orc warrior.
The orc warrior is lightly wounded.
The orc warrior hits you with a +0 halberd!
* * * LOW HITPOINT WARNING * * *
You hit the orc warrior.
The orc warrior is moderately wounded.
The orc warrior hits you with a +0 halberd!
* * * LOW HITPOINT WARNING * * *
Aiming: Throw Flame
Press: ? - help, Shift-Dir - straight line, f - orc warrior
Aim: an orc warrior, wielding a +0 halberd and wearing a +0 plate armour (moderately wounded, haloed, 79% to hit)
The puff of flame hits the orc warrior.
The orc warrior is moderately wounded.
The orc warrior hits you but does no damage.
It was a potion of haste.
You feel yourself speed up. The orc warrior closely misses you.
You hit the orc warrior but do no damage.
The orc warrior is moderately wounded.
The orc warrior closely misses you.
You hit the orc warrior.
The orc warrior is heavily wounded.
You barely miss the orc warrior.
The orc warrior is heavily wounded.
The orc warrior hits you with a +0 halberd.
* * * LOW HITPOINT WARNING * * *
You hit the orc warrior.
The orc warrior is severely wounded.
The orc warrior hits you with a +0 halberd!
You die...

........###....#..##.....##
.........#.....########...#
.............#..# ##..##
...............## ##...#
.............## #...##
..............## ##..##
.##.....#......#######...#
.###......##...o.)##....##
.###....#..#....@.......#
#.#.##..#.##............##
.....)..###.........###..##
.##.#.##.##.........#
##..##
.###.####..........##
##..## ....#####..........#
##..#####
...................##
##......
...............##...#
##....#
.............#####..#
#..###


You could see an orc warrior.

Vanquished Creatures
  A sky beast (D:6)
  An ogre (D:6)
  A gnoll sergeant (D:5)
  A jelly (D:4)
  A hound (D:5)
  2 orc priests
  A sleepcap (D:5)
  2 iguanas
  4 orc wizards
  Robin (D:2)
  5 gnolls
  2 adders
  2 white imps
  2 ufetubi (D:6)
  2 worms
  A dart slug (D:2)
  13 orcs
  4 endoplasms
  3 giant cockroaches
  13 goblins
  5 hobgoblins
  3 jackals (D:3)
  5 kobolds
  2 quokkas (D:4)
  A ball python (D:2)
  2 bats (D:3)
  A frilled lizard (D:2)
  A rat (D:2)
82 creatures vanquished.

Notes
Turn   | Place    | Note
-------+----------+-------------------------------------------
     0 | D:1      | FallenXxXSky the Human Monk began the quest for the Orb.
     0 | D:1      | Reached XP level 1. HP: 18/18 MP: 1/1
   123 | D:1      | Found a faded altar of an unknown god.
   358 | D:1      | Reached XP level 2. HP: 24/24 MP: 2/2
   647 | D:2      | Noticed Robin
   660 | D:2      | Gained mutation: You are robust. (+10% HP) [potion of
                  | mutation]
   660 | D:2      | Gained mutation: You are partially covered in iridescent
                  | scales. (AC +2) [potion of mutation]
   660 | D:2      | Gained mutation: You possess an exceptional clarity of
                  | mind. [potion of mutation]
   660 | D:2      | Gained mutation: Your muscles are strong. (Str +4, Int/Dex
                  | -1) [potion of mutation]
   670 | D:2      | Reached skill level 4 in Long Blades
   670 | D:2      | Reached XP level 3. HP: 10/31 MP: 3/3
   678 | D:2      | Killed Robin
  1181 | D:2      | Reached XP level 4. HP: 34/38 MP: 4/4
  1756 | D:3      | Reached skill level 5 in Long Blades
  1928 | D:3      | Reached XP level 5. HP: 45/45 MP: 5/5
  2449 | D:5      | Entered Level 5 of the Dungeon
  2466 | D:4      | Reached skill level 6 in Long Blades
  2657 | D:6      | Reached XP level 6. HP: 51/51 MP: 6/6
  2762 | D:6      | Noticed an ogre
  2773 | D:6      | Killed an ogre
  2776 | D:6      | Reached skill level 7 in Long Blades
  2796 | D:6      | Found a snail-covered altar of Cheibriados.
  2853 | D:6      | Found an opulent altar of Gozag.
  2902 | D:6      | Noticed a sky beast
  2920 | D:6      | Killed a sky beast
  2921 | D:6      | Reached XP level 7. HP: 36/57 MP: 3/7
  3239 | D:5      | Reached skill level 1 in Armour
  3267 | D:5      | Reached skill level 8 in Long Blades
  3627 | D:6      | Reached XP level 8. HP: 45/64 MP: 5/8
  3640 | D:6      | Mangled by an orc warrior

Illustrated notes

Levels and vault maps discovered:
D:1:      giann_bridges, layout_basic, ebering_ecumenical_altar_rust
D:2:      layout_basic, uniq_robin
D:3:      cheibrodos_pilgrimage, layout_basic
D:4:      layout_layer_cave, st_stairs_2, hellmonk_no_cap
D:5:      layout_basic, serial_co_window_serial, co_window_paths_b,
          co_window_paths_a, co_window_cross_1, co_window_of_opportunity_a,
          co_window_of_opportunity_a, co_window_broadway_a,
          co_window_broadway_a, co_window_broadway_a, co_window_corner_b,
          co_window_paths_d, dk_noncrumbling_4, minmay_pentangle,
          uniq_blork_the_orc
D:6:      layout_layer_cave, mainiacjoe_overflow_large_starburst,
          portal_sewer_entry_a, hangedman_abyss_or_decor_passed

Skill      XL: |  1  2  3  4  5  6  7 |
---------------+----------------------+-----
Long Blades    | 4 5 6 7 8 |  8.3
Armour         | 1 |  1.8
Fighting       | |  3.6
Dodging        | |  3.0

Action                     |  1- 3 |  4- 6 |  7- 9 || total
---------------------------+-------+-------+-------++-------
  Melee: Falchion          |     4 |       |       ||     4
         Long sword        |    51 |   122 |    93 ||   266
  Evoke: Wand              |       |     1 |     5 ||     6
    Use: Potion            |     3 |     1 |     2 ||     6
         Scroll            |     2 |     5 |       ||     7
   Stab: Fleeing           |     1 |       |       ||     1
 Armour: Robe              |     1 |       |       ||     1
         Ring mail         |    31 |    37 |       ||    68
         Ice dragon scales |       |    39 |    74 ||   113
  Dodge: Dodged            |    34 |   102 |    72 ||   208
